 Dungeon Crawl Stone Soup version 0.27.1-34-g3ba077fa99 (webtiles) character file.

Game seed: 13770139149182673110

77 ticklebelly the Skirmisher (level 4, -10/61 HPs)
             Began as a Minotaur Berserker on Jan 8, 2022.
             Was a Believer of Trog.
             Killed by nerve-wracking pain
             ... invoked by Menkaure
              (14 damage)
             ... on level 3 of the Dungeon.
             The game lasted 00:03:14 (2295 turns).

ticklebelly the Skirmisher (Minotaur Berserker)     Turns: 2295, Time: 00:03:15

Health: -10/61     AC:  6    Str: 23    XL:     4   Next: 14%
Magic:  3/3        EV: 12    Int:  4    God:    Trog [**....]
Gold:   97         SH:  0    Dex:  9    Spells: 3/3 levels left

rFire    . . .     SeeInvis .   m - +2 war axe (freeze)
rCold    . . .     Faith    .   (no shield)
rNeg     . . .     Spirit   .   b - +0 animal skin
rPois    +         Reflect  .   (helmet restricted)
rElec    .         Harm     .   e - +0 cloak
rCorr    .         Rampage  .   (no gloves)
Will     .....                  g - +2 pair of boots {Fly}
Stlth    ..........             (no amulet)
HPRegen  0.20/turn              a - ring of poison resistance
MPRegen  0.08/turn              (no ring)

@: berserking, flying, very quick
A: horns 2, retaliatory headbutt
a: Renounce Religion, Berserk, Trog's Hand


You were on level 3 of the Dungeon.
You worshipped Trog.
Trog was pleased with you.
You visited 1 branch of the dungeon, and saw 4 of its levels.

You collected 97 gold pieces.

Inventory:

Hand Weapons
 m - a +2 war axe of freezing (weapon)
Missiles
 k - 4 boomerangs (quivered)
Armour
 b - a +0 animal skin (worn)
 e - a +0 cloak (worn)
 g - a +2 pair of boots of flying (worn)
Jewellery
 a - a ring of poison resistance (left hand)
Scrolls
 c - a scroll of enchant armour {unknown}
 d - a scroll of teleportation {unknown}
 f - a scroll of blinking {unknown}
 h - 3 scrolls of identify {unknown}
 j - 2 scrolls of fog {unknown}
 l - 2 scrolls of magic mapping {unknown}
 n - a scroll of amnesia {unknown}
 o - a scroll of silence {unknown}
Potions
 i - 2 potions of heal wounds {unknown}


   Skills:
 + Level 4.6 Fighting
 + Level 4.5 Axes
 + Level 3.6 Armour
 - Level 2.1 Dodging


You had 3 spell levels left.
You didn't know any spells.
Your spell library was empty.

Dungeon Overview and Level Annotations

Branches:
Dungeon (4/15)
 Temple: D:4-7

Altars:

Shops:
D:1 (

Annotations:
D:3 Menkaure


Innate Abilities, Weirdness & Mutations

You have a pair of horns on your head.
You reflexively headbutt those who attack you in melee.


Message History

Trog accepts your kill.
Found a scroll labelled EGUTOPRAPIA.
o - a scroll labelled EGUTOPRAPIA
There is an open door here.
Done exploring.
Done exploring.
Search for what [Enter for "."]? .
(D) Dungeon
Where to? (Enter - D:3, ? - help)
There is a stone staircase leading down here.
You fly downwards.
You hear the sound of rushing water.
There is an entrance to a sewer on this level.
Hurry and find it before the portal rusts away!
There is a stone staircase leading up here.
Menkaure, Prince of Dust comes into view.
Menkaure shouts!
A hobgoblin comes into view.
The hobgoblin shouts!
You hear a shout!
Menkaure gestures at you while chanting.
You barely resist. You slash Menkaure! You freeze Menkaure.
You headbutt Menkaure.
Menkaure is heavily damaged.
Menkaure calls on the powers of darkness!
Your body is wracked with pain!
The hobgoblin convulses!
You hit Menkaure. Your headbutt misses Menkaure.
Menkaure is heavily damaged.
Menkaure hits you!!
* * * LOW HITPOINT WARNING * * *
There is a stone staircase leading up here.
You fly upwards.
There is a stone staircase leading down here.
A red film seems to cover your vision as you go berserk!
You feel yourself moving faster!
You feel mighty!
Menkaure gestures at you while chanting.
You barely resist. You hit Menkaure. Your headbutt misses Menkaure.
Menkaure is heavily damaged.
Menkaure casts a spell at you. Pain shoots through your body!
You die...

#.# #...#.#...##.#.##....
#.# #.........##.#.......
#.# ##...#:#.........#....
#.# #.....).......##.#####
##.## #..#.....#.####...##
#
#...###..........###.###.#
# #.#..##..............#
#.# #
#....#........##.###.###.#
# ####.#..###@..##.#
##...#### #.#..##M......#
#....... #..<.......####
#.#####. ###..###...#
#.#####. #........#
##.##.... #.......##
#.....##. #########
####.#####. #..........
#.##.##.###


You could see Menkaure.

Vanquished Creatures
  An adder (D:3)
  A worm (D:2)
  6 dart slugs
  An orc (D:3)
  6 endoplasms
  3 giant cockroaches
  7 goblins
  3 hobgoblins
  2 kobolds
  A quokka (D:1)
  5 ball pythons
  4 bats
  A frilled lizard (D:1)
  7 rats
  A spectral goblin (D:1)
49 creatures vanquished.

Notes
Turn   | Place    | Note
-------+----------+-------------------------------------------
     0 | D:1      | ticklebelly the Minotaur Berserker began the quest for the
                  | Orb.
     0 | D:1      | Reached XP level 1. HP: 19/19 MP: 0/0
   422 | D:1      | Found a faded altar of an unknown god.
   448 | D:1      | Reached XP level 2. HP: 21/27 MP: 1/1
   524 | D:1      | Found Nisiubba's Weapon Shoppe.
  1133 | D:2      | Reached XP level 3. HP: 33/33 MP: 2/2
  1521 | D:2      | Reached ** piety under Trog
  2175 | D:3      | Reached XP level 4. HP: 41/41 MP: 3/3
  2286 | D:4      | Noticed Menkaure
  2289 | D:4      | HP: 2/41 [Menkaure (20)]
  2295 | D:3      | Killed from afar by Menkaure

Illustrated notes

Levels and vault maps discovered:
D:1:      dpeg_arrival_ternary, layout_rooms,
          dreamdust_ecumenical_altar_drowned_temple, serial_shops,
          nicolae_shop_stone, chequers_arboretum
D:2:      layout_loops_ring
D:3:      layout_loops_cross, minmay_misc_feat_iff, st_stairs_2,
          grunt_ministairs_11, serial_park_tiny_1
D:4:      layout_gridville, portal_sewer_entry_e, serial_bayou_ford_a,
          uniq_menkaure

Skill      XL: |  1  2 |
---------------+-------+-----
Fighting       | 4 |  4.6
Axes           | 4 |  4.5
Armour         | 3 |  3.6
Dodging        | |  2.1

Action                   |  1- 3 |  4- 6 || total
-------------------------+-------+-------++-------
Melee: Hand axe          |    73 |       ||    73
       Headbutt          |    18 |     1 ||    19
       War axe           |    14 |     5 ||    19
Invok: Berserk           |       |     1 ||     1
 Stab: Distracted        |     1 |       ||     1
Armor: Animal skin       |    26 |       ||    26
Dodge: Dodged            |    44 |       ||    44
